 Dungeon Crawl Stone Soup version 0.28.0-45-g0d030f2227 (webtiles) character file.

Game seed: 17333820007634113218

2788 GigaChad the Carver (level 9, -12/75 HPs)
             Began as a Minotaur Gladiator on Apr 12, 2022.
             Was a High Priest of Jiyva.
             Mangled by an orc warrior
             ... wielding a +0 scimitar
              (18 damage)
             ... on level 7 of the Dungeon.
             The game lasted 00:18:21 (4551 turns).

GigaChad the Carver (Minotaur Gladiator)            Turns: 4551, Time: 00:18:21

Health: -12/75     AC: 19    Str: 20    XL:     9   Next: 43%
Magic:  8/8        EV:  8    Int:  5    God:    Jiyva [*****.]
Gold:   141        SH: 13    Dex: 15    Spells: 8/8 levels left

rFire   . . .      SeeInvis .   a - +0 long sword (protect)
rCold   . . .      Faith    .   u - +0 tower shield
rNeg    . . .      Spirit   .   k - +0 chain mail
rPois   .          Reflect  .   c - +0 hat
rElec   .          Harm     .   (no cloak)
rCorr   +          Rampage  .   (no gloves)
Will    .....                   (no boots)
Stlth   ..........              f - amulet of magic regeneration
HPRegen 1.66/turn               (no ring)
MPRegen 0.96/turn               (no ring)

@: about to teleport, under a protective aura
A: horns 2, retaliatory headbutt, acidic bite, gelatinous body 2, engulf
a: Renounce Religion, Oozemancy, Slimify


You were on level 7 of the Dungeon.
You worshipped Jiyva.
Jiyva was extremely pleased with you.
You visited 1 branch of the dungeon, and saw 7 of its levels.

You collected 141 gold pieces.

Inventory:

Hand Weapons
 a - a +0 long sword of protection (weapon)
 p - a +0 giant spiked club
 v - a +2 hand axe of electrocution
 w - a +0 vampiric dagger
 z - a +0 halberd
Missiles
 d - 3 throwing nets (quivered)
 e - 31 arrows
 s - 6 atropa-tipped darts
 y - 5 poisoned darts
 A - 26 bolts
Armour
 b - a +0 leather armour
 c - a +0 hat (worn)
 k - a +0 chain mail (worn)
 q - a +1 robe of willpower
 u - a +0 tower shield (worn)
 x - a +3 ring mail
Magical Staves
 n - a staff of poison
Jewellery
 f - an amulet of magic regeneration (around neck)
 o - a +4 ring of protection
Scrolls
 h - a scroll of teleportation
 t - 2 scrolls of identify
 B - a scroll of magic mapping {unknown}
Potions
 g - 4 potions of curing {unknown}
 i - a potion of attraction
 j - 3 potions of haste {unknown}
 l - a potion of mutation {unknown}
 m - a potion of heal wounds {unknown}
 r - 2 potions of degeneration {unknown}


   Skills:
 + Level 6.2 Fighting
 + Level 10.5 Long Blades
 + Level 2.4 Throwing
 + Level 7.4 Armour
 + Level 5.3 Dodging
 + Level 1.7 Stealth
 + Level 4.5 Shields


You had 8 spell levels left.
You didn't know any spells.
Your spell library contained the following spells:

 Spells                   Type           Power      Damage    Failure   Level
 Ensorcelled Hibernation  Hex/Ice        0%         N/A       100%        2
 Passwall                 Tmut/Erth      0%         N/A       100%        2
 Gell's Gravitas          Tloc           0%         N/A       100%        3
 Lesser Beckoning         Tloc           0%         N/A       100%        3
 Swiftness                Air            0%         N/A       100%        3
 Teleport Other           Tloc           0%         N/A       100%        3


Dungeon Overview and Level Annotations

Branches:
Dungeon (7/15)             Temple (0/1) D:7

Altars:
Dithmenos
Fedhas
Nemelex Xobeh
Qazlal
Ru
Uskayaw
Jiyva

Shops:
D:2 (


Innate Abilities, Weirdness & Mutations

You have a pair of horns on your head.
You reflexively headbutt those who attack you in melee.
You have acidic saliva.
Your pliable body absorbs attacks. (AC +2, EV +2)
Your melee attacks may engulf your foes in ooze.


Message History

You hit the white ugly thing.
You engulf the white ugly thing in ooze!
You headbutt the white ugly thing! Your bite misses the white ugly thing.
The white ugly thing is moderately wounded.
The white ugly thing is asphyxiated!
Your quicksilver ooze hits the white ugly thing!
Your quicksilver ooze hits the white ugly thing.
The white ugly thing tail-slaps your quicksilver ooze!
The white ugly thing freezes your quicksilver ooze!!
You block the orc's attack.
The orc warrior hits you with a +0 scimitar!
* * * LOW HITPOINT WARNING * * *
An orc comes into view. It is wielding a +0 flail.
You block the orc's attack.
Your quicksilver ooze hits the white ugly thing!
Your quicksilver ooze closely misses the white ugly thing.
The white ugly thing closely misses your quicksilver ooze.
The orc hits you but does no damage.
The orc warrior hits you but does no damage.
As you read the scroll labelled XOUSETHR DUHERGH, it crumbles to dust.
You feel strangely unstable.
It was a scroll of teleportation.
The white ugly thing is asphyxiated!
Your quicksilver ooze hits the white ugly thing!
The white ugly thing dies!
The orc hits you but does no damage. You block the orc warrior's attack.
The orc closely misses you.
Your Fighting skill increases to level 6!
Your Shields skill increases to level 4!
You barely miss the centaur zombie. You headbutt the centaur zombie.
The centaur zombie is lightly damaged.
A killer bee zombie comes into view.
Your quicksilver ooze hits the centaur zombie.
Your quicksilver ooze engulfs the centaur zombie!
Your quicksilver ooze hits the centaur zombie!
The orc hits you but does no damage.
Your quicksilver ooze hits the centaur zombie!!
The centaur zombie is destroyed!
The orc hits you but does no damage.
The orc warrior hits you with a +0 scimitar!!
You die...

.#...........#.#
.#.###.###.#.#.# #.....
##.###..##.#...# #.....
........##.....#......
......#.........J....
......#..###.#####.#
......#..##.## ##o.#
......#..#.#####o#J###..#
......#...#...#o@y..o.#
......#..#####y###Z#.#..#
......#..# #.## #..##
#..# #5# #.## #. ...


y#u # #.. # # .... ..#. ..#. You could see an orc warrior (corroded), a vampire
mosquito, a killer bee, a shadow imp, 3 orcs, a killer bee zombie and a friendly
quicksilver ooze (summoned).

Vanquished Creatures
  A deep elf pyromancer (D:7)
  The ghost of rageheart7 the Chopper, an amateur DDFi (D:4)
  Duvessa (D:6)
  A sky beast (D:6)
  A black bear (D:4)
  3 ice beasts
  2 ogres
  A phantom (D:6)
  Blork the orc (D:4)
  A scorpion (D:6)
  A wyvern skeleton (D:7)
  Dowan (D:6)
  A centaur skeleton (D:4)
  6 orc priests
  2 hounds
  A bullfrog skeleton (D:6)
  A gnoll shaman (D:6)
  An iguana (D:6)
  8 orc wizards
  A hound skeleton (D:4)
  4 gnolls
  9 adders
  A white imp (D:6)
  A worm (D:3)
  5 dart slugs
  14 orcs
  A ball python (D:4)
  2 endoplasms (D:1)
  4 giant cockroaches
  5 goblins
  5 hobgoblins
  A quokka (D:5)
  A bat (D:1)
  A frilled lizard (D:1)
  5 kobolds
  2 rats
  A bush (D:4)
98 creatures vanquished.

Vanquished Creatures (collateral kills)
  An ugly thing (D:7)
  A centaur zombie (D:7)
2 creatures vanquished.

Vanquished Creatures (others)
  3 water moccasins
  A wight (D:7)
  A howler monkey (D:7)
  A hound (D:4)
  17 jellies
  A bullfrog skeleton (D:6)
  Terence (D:3)
  An orc wizard (D:6)
  12 gnolls
  3 adders
  A white imp (D:5)
  An adder skeleton (D:5)
  2 dart slugs (D:3)
  6 orcs
  2 endoplasms
  2 giant cockroaches (D:3)
  A hobgoblin (D:1)
  A quokka (D:4)
  A bat (D:1)
  A frilled lizard (D:2)
  A kobold (D:1)
  2 rats
  A spectral orc (D:5)
  A bush (D:4)
  2 fungi (D:1)
  3 plants (D:1)
69 creatures vanquished.

Grand Total: 169 creatures vanquished

Notes
Turn   | Place    | Note
-------+----------+-------------------------------------------
     0 | D:1      | GigaChad the Minotaur Gladiator began the quest for the
                  | Orb.
     0 | D:1      | Reached XP level 1. HP: 18/18 MP: 0/0
   339 | D:1      | Found a faded altar of an unknown god.
   358 | D:1      | Reached skill level 4 in Long Blades
   358 | D:1      | Reached XP level 2. HP: 17/25 MP: 1/1
   438 | D:1      | Prayed at the altar of an unknown god.
   438 | D:1      | Became a worshipper of Jiyva Jali the Shapeless
   438 | D:1      | Reached * piety under Jiyva
  1142 | D:2      | Reached ** piety under Jiyva
  1154 | D:2      | Reached XP level 3. HP: 28/30 MP: 2/2
  1334 | D:2      | Found Xyzet's Weapon Shop.
  1393 | D:3      | Reached skill level 1 in Armour
  1399 | D:3      | Found a stormy altar of Qazlal.
  1408 | D:3      | Reached XP level 4. HP: 37/37 MP: 3/3
  1493 | D:3      | Found a sacrificial altar of Ru.
  1504 | D:3      | Found a hide-covered altar of Uskayaw.
  1803 | D:3      | Noticed Terence
  1805 | D:3      | Killed Terence
  1893 | D:4      | Reached skill level 5 in Long Blades
  1898 | D:4      | Reached XP level 5. HP: 45/45 MP: 4/4
  1923 | D:4      | Reached *** piety under Jiyva
  1923 | D:4      | Gained mutation: You have acidic saliva. [Jiyva's grace]
  1923 | D:4      | Gained mutation: Your melee attacks may engulf your foes in
                  | ooze. [Jiyva's grace]
  1923 | D:4      | Gained mutation: Your rubbery body absorbs attacks. (AC +1,
                  | EV +1) [Jiyva's grace]
  1923 | D:4      | Gained mutation: Your pliable body absorbs attacks. (AC +2,
                  | EV +2) [Jiyva's grace]
  2083 | D:4      | Found a sparkling altar of Nemelex Xobeh.
  2150 | D:4      | Noticed Blork the orc
  2160 | D:4      | Killed Blork the orc
  2184 | D:4      | Found a runed translucent door.
  2184 | D:4      | Noticed rageheart7's ghost (amateur DDFi)
  2197 | D:4      | Reached skill level 1 in Stealth
  2197 | D:4      | Reached XP level 6. HP: 51/51 MP: 5/5
  2249 | D:4      | Killed rageheart7's ghost
  2250 | D:4      | Reached skill level 6 in Long Blades
  2250 | D:4      | Reached XP level 7. HP: 40/58 MP: 6/6
  2611 | D:4      | Found a blossoming altar of Fedhas.
  2657 | D:4      | Reached skill level 7 in Long Blades
  2657 | D:4      | Reached skill level 5 in Armour
  2958 | D:5      | Entered Level 5 of the Dungeon
  3172 | D:5      | Reached skill level 8 in Long Blades
  3180 | D:5      | Reached XP level 8. HP: 59/67 MP: 7/7
  3262 | D:5      | Reached **** piety under Jiyva
  3283 | D:5      | Found a shadowy altar of Dithmenos.
  3462 | D:5      | You fall into a shaft and drop 1 floor!
  3995 | D:6      | Reached skill level 9 in Long Blades
  4005 | D:6      | Reached skill level 5 in Fighting
  4005 | D:6      | Reached skill level 1 in Shields
  4042 | D:6      | Noticed Dowan
  4044 | D:6      | Noticed Duvessa
  4052 | D:6      | Killed Duvessa
  4054 | D:6      | Killed Dowan
  4275 | D:7      | Found a staircase to the Ecumenical Temple.
  4279 | D:7      | Reached ***** piety under Jiyva
  4323 | D:7      | Reached skill level 5 in Dodging
  4537 | D:7      | Noticed a deep elf pyromancer
  4537 | D:7      | Noticed a white ugly thing
  4542 | D:7      | Identified the +1 short sword of Tortfeasance {vorpal,
                  | SInv}
  4542 | D:7      | Identified the +1 leather armour of Ele Ron {Harm Regen+}
  4542 | D:7      | Noticed a deep elf pyromancer
  4544 | D:7      | Killed a deep elf pyromancer
  4545 | D:7      | Reached skill level 10 in Long Blades
  4545 | D:7      | Reached XP level 9. HP: 61/75 MP: 8/8
  4549 | D:7      | HP: 3/75 [orc warrior/+0 scimitar (12)]
  4550 | D:7      | Killed a white ugly thing
  4551 | D:7      | Mangled by an orc warrior

Illustrated notes

Levels and vault maps discovered:
D:1:      dpeg_arrival_morbid_curiosity, layout_basic,
          shapermc_ecumenical_altar_ellora
D:2:      layout_basic, serial_shops, nicolae_shop_bloodbath_and_beyond, shop,
          st_stairs_12
D:3:      layout_loops_ring, grunt_qazlal_clouds,
          mainiacjoe_overflow_large_starburst, uniq_terence
D:4:      layout_basic, mainiacjoe_overflow_paths, lemuel_crystal_altar,
          serial_rivers, chequers_serial_rivers_large_b,
          chequers_serial_rivers_micro_a, chequers_serial_rivers_small_a,
          chequers_serial_rivers_micro_c, chequers_serial_rivers_micro_c,
          hellmonk_ghost_happy_afterlife, minmay_hedge_maze, uniq_blork_the_orc
D:5:      layout_loops_ring, grunt_dithmenos_smoke_and_mirrors,
          yredelemnul_forgotten_temple_becter
D:6:      layout_gridville, pdpol_wu_jian_five_deadly_venoms, st_stairs_12,
          kennysheep_pointless_box, kennysheep_small_circle, uniq_duvessa
D:7:      minmay_the_grid_square_5x5_3x3
          [minmay_the_grid_square_5x5_doubleslash,
          minmay_the_grid_square_5x5_hourglass,
          minmay_the_grid_square_5x5_almost_minimal,
          minmay_the_grid_square_5x5_beaten_path,
          minmay_the_grid_square_5x5_megaprize_checkered,
          minmay_the_grid_square_5x5_two_walls_b,
          minmay_the_grid_square_5x5_meh, minmay_the_grid_square_5x5_spiral,
          minmay_the_grid_square_5x5_hollow_slash], layout_basic,
          kennysheep_vampire_church, minmay_temple_entry_grid

Skill      XL: |  1  2  3  4  5  6  7  8  9 |
---------------+----------------------------+-----
Long Blades    | 4 5 6 8 10 | 10.5
Armour         | 1 2 3 4 5 7 |  7.4
Fighting       | 3 4 5 6 |  6.2
Dodging        | 4 5 |  5.3
Stealth        | 1 |  1.7
Shields        | 3 4 |  4.5
Throwing       | |  2.4

Action                   |  1- 3 |  4- 6 |  7- 9 || total
-------------------------+-------+-------+-------++-------
Melee: Long sword        |    62 |    54 |   224 ||   340
       Headbutt          |    13 |    16 |    49 ||    78
       Punch             |       |     3 |     2 ||     5
       Bite              |       |     3 |    30 ||    33
  Use: Scroll            |       |     4 |     3 ||     7
Armor: Leather armour    |     5 |       |       ||     5
       Chain mail        |    10 |    33 |   137 ||   180
       Skin              |       |       |     7 ||     7
Dodge: Dodged            |    41 |    25 |    85 ||   151
Block: Tower shield      |       |       |    85 ||    85
